 Dungeon Crawl Stone Soup version 0.31-a0-187-gba352fbbf7 (webtiles) character file.

Game seed: 13029811839757879298

123 qw the Skirmisher (level 4, -4/25 HPs)
             Began as a Deep Elf Hunter on June 22, 2023.
             Was an Initiate of Okawaru.
             Slain by an ogre
             ... wielding a +0 giant club
              (16 damage)
             ... on level 4 of the Dungeon.
             The game lasted 00:00:52 (1875 turns).

qw the Skirmisher (Deep Elf Hunter)                 Turns: 1875, Time: 00:00:52

Health: -4/25      AC:  6    Str: 10    XL:     4   Next: 80%
Magic:  6/6        EV: 11    Int: 14    God:    Okawaru [......]
Gold:   133        SH:  0    Dex: 18    Spells: 3/3 levels left

rFire   . . .        Y - +0 shortbow
rCold   . . .        (shield currently unavailable)
rNeg    . . .        g - +0 ring mail
rPois   .            (no helmet)
rElec   .            (no cloak)
rCorr   .            (no gloves)
SInv    .            b - +0 pair of boots
Will    .....        (no amulet)
Stlth   +            (no ring)
HPRegen 0.24/turn    (no ring)
MPRegen 0.10/turn

%: no passive effects
@: no status effects
A: no striking features
a: Renounce Religion


You were on level 4 of the Dungeon.
You worshipped Okawaru.
Okawaru was noncommittal.
You visited 1 branch of the dungeon, and saw 4 of its levels.

You collected 133 gold pieces.


   Skills:
 - Level 1.5 Fighting
 + Level 8.2 Ranged Weapons
 - Level 2.4 Dodging
 - Level 1.2 Stealth


You had 3 spell levels left.
You didn't know any spells.
Your spell library was empty.

Inventory:

Hand Weapons
 Y - a +0 shortbow (weapon)
Armour
 b - a +0 pair of boots (worn)
 g - a +0 ring mail (worn)
Scrolls
 c - a scroll of teleportation
 p - 2 scrolls of identify
Potions
 a - a potion of might
 d - 2 potions of heal wounds
 f - a potion of enlightenment {unknown}
 h - a potion of lignification {unknown}
 i - a potion of brilliance {unknown}
 j - 2 potions of curing
 k - a potion of mutation {unknown}
 m - a potion of attraction {unknown}

Dungeon Overview and Level Annotations

Branches:
Dungeon (4/15)
 Temple: D:4-7

Altars:
Ashenzari
Gozag
Okawaru
Trog
Wu Jian


Message History

The hound bites you but does no damage.
An endoplasm comes into view.
You shoot an arrow. The arrow hits the hound.
The hound is heavily wounded.
The hound bites you but does no damage. x2
You shoot an arrow. The arrow closely misses the hound.
The arrow hits the endoplasm!
You kill the endoplasm!
Okawaru accepts your kill. The hound barely misses you.
A jelly comes into view.
The hound bites you but does no damage. The ogre misses you.
You shoot an arrow. The arrow barely misses the hound.
The jelly quivers.
The hound barely misses you. The hound closely misses you.
You shoot an arrow. The arrow hits the hound.
The hound is severely wounded.
The hound bites you but does no damage. The ogre closely misses you.
You shoot an arrow.
The arrow hits the hound but does no damage.
The hound is severely wounded.
The hound bites you but does no damage. The hound closely misses you.
The ogre closely misses you.
You shoot an arrow. The arrow misses the hound.
The arrow hits the jelly!
The jelly is moderately wounded.
The hound bites you. The hound closely misses you.
The ogre hits you with a +0 giant club!
You shoot an arrow. The arrow hits the hound!
You kill the hound!
Okawaru accepts your kill.
Your Ranged Weapons skill increases to level 8!
You shoot an arrow. The arrow hits the jelly.
The jelly is heavily wounded.
The jelly hits you but does no damage. The ogre closely misses you.
The jelly barely misses you.
You shoot an arrow. The arrow hits the jelly.
The jelly is severely wounded.
The ogre hits you with a +0 giant club!
Ouch! That really hurt!
You die...

...........#..
#............. ?.
##..........$.. ...
..............
#..##.......#.)...
#....###.......##
#..###.##.J.....#
##.##.(.#.@O.........
...#.................
...#####......##.....
#..#...#.....###....
...#._.'.....###..#
...#...#..#..##..#
...#####......#..##
....#.............#
....##........##..#


You could see an ogre and a jelly.

Vanquished Creatures
  A hound (D:4)
  3 adders (D:2)
  2 dart slugs (D:2)
  4 orcs (D:3)
  5 bats (D:1)
  7 endoplasms
  4 giant cockroaches
  6 goblins
  4 hobgoblins
  A quokka (D:2)
  8 ball pythons
  A frilled lizard (D:1)
  6 kobolds
  5 rats
57 creatures vanquished.

Notes
Turn   | Place    | Note
-------+----------+-------------------------------------------
     0 | D:1      | qw the Deep Elf Hunter began the quest for the Orb.
     0 | D:1      | Reached XP level 1. HP: 12/12 MP: 3/3
     0 | D:1      | 0 ||| qw: Version: 0.3-a-9-g12657ce
     0 | D:1      | 0 ||| qw: Game counter: 2347
     0 | D:1      | 0 ||| qw: Always use a shield: true
     0 | D:1      | 0 ||| qw: God list: Okawaru
     0 | D:1      | 0 ||| qw: Allow faded altars: false
     0 | D:1      | 0 ||| qw: Do Orc after D:15 true
     0 | D:1      | 0 ||| qw: Do second Lair branch before Depths: true
     0 | D:1      | 0 ||| qw: Lair rune preference: random
     0 | D:1      | 0 ||| qw: Plans: Normal
     0 | D:1      | 0 ||| PLANNING D:1-11
   113 | D:1      | Reached skill level 6 in Ranged Weapons
   113 | D:1      | Reached XP level 2. HP: 14/16 MP: 4/4
   123 | D:1      | 123 ||| FLEEEEING.
   124 | D:1      | 124 ||| FLEEEEING.
   125 | D:1      | 125 ||| FLEEEEING.
   126 | D:1      | 126 ||| FLEEEEING.
   127 | D:1      | 127 ||| FLEEEEING.
   130 | D:1      | 130 ||| FLEEEEING.
   131 | D:1      | 131 ||| FLEEEEING.
   133 | D:1      | 133 ||| FLEEEEING.
   134 | D:1      | 134 ||| FLEEEEING.
   135 | D:1      | 135 ||| FLEEEEING.
   318 | D:1      | Reached XP level 3. HP: 20/20 MP: 5/5
   497 | D:1      | 497 ||| UPGRADING to amulet of guardian spirit.
   502 | D:1      | 502 ||| READING scroll labelled XATUOZ CILUNTO.
   503 | D:1      | 503 ||| READING scroll labelled QAUHEICESK.
   504 | D:1      | 504 ||| READING scroll labelled QIGAOTY UJICIE.
   509 | D:1      | 509 ||| READING scroll labelled XEUGEDO UGISM.
   510 | D:1      | 510 ||| DRINKING 3 brown potions.
   511 | D:1      | 511 ||| DROPPING scroll of butterflies.
   513 | D:1      | 513 ||| Stepping ~*~*~tactically~*~*~ (cloud).
   825 | D:2      | Reached skill level 7 in Ranged Weapons
   999 | D:2      | Reached XP level 4. HP: 25/25 MP: 6/6
  1195 | D:2      | 1195 ||| UPGRADING to +0 pair of boots.
  1200 | D:2      | 1200 ||| READING scroll labelled AVEWKAATOG.
  1201 | D:2      | 1201 ||| READING scroll labelled GEYZIE LOLA.
  1202 | D:2      | 1202 ||| DRINKING 2 coppery potions.
  1332 | D:3      | Found an ornate altar of the Wu Jian Council.
  1606 | D:3      | Found an iron altar of Okawaru.
  1607 | D:3      | 1607 ||| PLANNING OKAWARU WORSHIP
  1608 | D:3      | 1608 ||| UPGRADING to +0 ring mail.
  1618 | D:3      | 1618 ||| DROPPING +0 leather armour.
  1619 | D:3      | 1619 ||| READING scroll labelled KIGILI VESO.
  1620 | D:3      | 1620 ||| READING scroll labelled UTIUQI ICOCY.
  1621 | D:3      | 1621 ||| READING scroll labelled FEOKECW EFUHO.
  1622 | D:3      | 1622 ||| DRINKING 2 viscous white potions.
  1626 | D:3      | Became a worshipper of Warmaster Okawaru
  1627 | D:3      | 1627 ||| PLANNING D:1-11
  1627 | D:3      | 1627 ||| REMOVING amulet of guardian spirit.
  1635 | D:3      | Found a bloodstained altar of Trog.
  1638 | D:3      | Found an opulent altar of Gozag.
  1791 | D:3      | 1791 ||| DROPPING amulet of guardian spirit.
  1855 | D:4      | Found a broken altar of Ashenzari.
  1862 | D:4      | Noticed an ogre
  1874 | D:4      | Reached skill level 8 in Ranged Weapons
  1875 | D:4      | Slain by an ogre

Levels and vault maps discovered:
D:1:      saegor_arrival_under_anarchy, layout_rooms
D:2:      layout_loops_ring
D:3:      layout_basic, mainiacjoe_overflow_chevrons,
          grunt_temple_overflow_diamond, hex_intersection
D:4:      layout_cave_pools, nicolae_ashenzari_skybound

Skill      XL: |  1  2  3  4 |
---------------+-------------+-----
Ranged Weapons | 6 7 8 |  8.2
Fighting       | |  1.5
Dodging        | |  2.4
Stealth        | |  1.2

Action                     |  1- 3 |  4- 6 || total
---------------------------+-------+-------++-------
   Fire: Shortbow          |   121 |    47 ||   168
    Use: Scroll            |     4 |     5 ||     9
         Potion            |     1 |     2 ||     3
 Armour: Leather armour    |     9 |     1 ||    10
         Ring mail         |       |     7 ||     7
  Dodge: Dodged            |    41 |    14 ||    55

Table legend:
 A = Non-vault XP
 B = Vault XP
 C = Vault XP percentage of total XP
 D = Non-vault monster count
 E = Vault monster count
 F = Vault count percentage of total count
                 A         B        C        D         E       F
            +---------+---------+-------+---------+---------+-------
      Total |     177 |       0 |   0.0 |      57 |       0 |   0.0
            +---------+---------+-------+---------+---------+-------
        D:1 |      46 |       0 |   0.0 |      27 |       0 |   0.0
        D:2 |      65 |       0 |   0.0 |      17 |       0 |   0.0
        D:3 |      20 |       0 |   0.0 |      10 |       0 |   0.0
        D:4 |      46 |       0 |   0.0 |       3 |       0 |   0.0
            +---------+---------+-------+---------+---------+-------
